 Dungeon Crawl Stone Soup version 0.30-a0-223-gcb0039aa0c (webtiles) character file.

Game seed: 12418931392970214150

2359 qw the Blocker (level 9, -5/55 HPs)
             Began as a Gargoyle Fighter on Oct 9, 2022.
             Was an Initiate of Okawaru.
             Slain by a manticore (shapeshifter) (11 damage)
             ... on level 2 of the Abyss.
             The game lasted 00:02:51 (7419 turns).

qw the Blocker (Gargoyle Fighter)                   Turns: 7419, Time: 00:02:52

Health: -5/55      AC: 19    Str: 30    XL:     9   Next: 44%
Magic:  9/9        EV:  6    Int:  9    God:    Okawaru [......]
Gold:   224        SH:  9    Dex:  9    Spells: 8/8 levels left

rFire   . . .      SeeInvis .    Y - +1 war axe
rCold   + . .      Faith    .    f - +0 kite shield
rNeg    + . .      Spirit   .    b - +0 plate armour
rPois   inf        Reflect  .    (no helmet)
rElec   +          Harm     .    s - scarf {repulsion}
rCorr   .          Rampage  .    (no gloves)
Will    .....                    l - +0 pair of boots
Stlth   ..........               (no amulet)
HPRegen 0.29/turn                k - +6 ring of strength
MPRegen 0.11/turn                m - ring of protection from cold

@: repel missiles
A: sickness immunity, AC +6, negative energy resistance 1, electricity
resistance, torment resistance 1, petrification resistance
a: Renounce Religion


You were on level 2 of the Abyss.
You worshipped Okawaru.
Okawaru was noncommittal.
You visited 2 branches of the dungeon, and saw 9 of its levels.
You visited the Abyss 1 time.

You collected 437 gold pieces.
You spent 213 gold pieces at shops.


Innate Abilities, Weirdness & Mutations

You are immune to sickness and miasma.
Your stone body is resilient. (AC +6)
You are immune to poison.
You resist negative energy. (rN+)
You are resistant to electric shocks. (rElec)
You are resistant to unholy torment.
You are immune to petrification.


   Skills:
 - Level 6.1 Fighting
 + Level 8.0 Axes
 - Level 1.0 Throwing
 - Level 4.1 Armour
 - Level 1.2 Dodging
 - Level 8.2 Shields


You had 8 spell levels left.
You didn't know any spells.
Your spell library was empty.

Inventory:

Hand Weapons
 h - a +0 morningstar
 Y - a +1 war axe (weapon)
Armour
 b - a +0 plate armour (worn)
 f - a +0 kite shield (worn)
 l - a +0 pair of boots (worn)
 q - a +0 cloak
 s - a scarf of repulsion (worn)
Jewellery
 k - a +6 ring of strength (left hand)
 m - a ring of protection from cold (right hand)
Scrolls
 a - a scroll of identify
Potions
 c - a potion of attraction
 d - 2 potions of might
 e - a potion of cancellation
 i - 2 potions of curing
 r - a potion of haste

Dungeon Overview and Level Annotations

Branches:
Dungeon (8/15)             Temple (1/1) D:6
   Lair: D:8-11

Altars:
Ashenzari
Cheibriados
Elyvilon
Fedhas
Gozag
Hepliaklqana
Kikubaaqudgha
Nemelex Xobeh
Okawaru
Qazlal
Ru
Sif Muna
Trog
Uskayaw
Vehumet
Wu Jian
Xom
Yredelemnul
Zin
The Shining One

Shops:
D:4 [   D:5 *   D:6 (

Annotations:
D:4 1 runed translucent door, Crazy Yiuf
D:8 Psyche


Message History

7407 ||| Stepping ~*~*~tactically~*~*~ (stealth).
A manticore is nearby!
7409 ||| Stepping ~*~*~tactically~*~*~ (stealth).
7410 ||| Stepping ~*~*~tactically~*~*~ (stealth).
7411 ||| Stepping ~*~*~tactically~*~*~ (stealth).
A manticore is nearby!
The manticore flicks its tail.
The volley of spikes hits you!
The barbed spikes become lodged in your body.
The barbs in your skin will harm you if you move.
Continue?
The barbed spikes dig painfully into your body as you move.
The manticore bites you but does no damage.
The manticore barely misses you. x2
You slice the manticore!!
The manticore is moderately wounded.
You block the manticore's attack.
The manticore claws you but does no damage.
The manticore claws you.
You hit the manticore.
The manticore is moderately wounded.
The manticore bites you.
The manticore claws you but does no damage.
The manticore claws you.
You slash the manticore!
The manticore is heavily wounded.
You block the manticore's attack.
The manticore claws you but does no damage.
You block the manticore's attack.
You barely miss the manticore.
The manticore is heavily wounded.
You carefully extract the barbed spikes from your body.
The manticore bites you!
The manticore claws you but does no damage.
You block the manticore's attack.
You slash the manticore!
The manticore is severely wounded.
The manticore closely misses you.
The manticore claws you but does no damage.
You block the manticore's attack. The manticore bites you!
You die...

#.### .
#....# #
##.## #....#.
.##...##.....
.....#...###
#\.##..#..# .
#....#....#
.. #.@...#.s.
##H#####.H.
+..###...#
##...H...#
##.#####. #.#
.# #. ###


You could see a manticore.

Vanquished Creatures
  Prince Ribbit (D:7)
  Sigmund (D:2)
  A water moccasin (D:7)
  Duvessa (D:4)
  An orc warrior (D:7)
  2 black bears
  2 ogres (D:6)
  2 phantoms
  A centaur (D:7)
  A kobold brigand (D:7)
  A bullfrog (D:6)
  A necrophage (D:6)
  A scorpion (D:4)
  Dowan (D:4)
  A jelly (D:4)
  2 hounds (D:5)
  3 orc priests
  A gnoll bouda (D:4)
  2 iguanas
  Natasha (thrice) (D:4)
  5 orc wizards
  A statue (D:6)
  7 gnolls
  10 adders
  2 shadow imps (D:6)
  A white imp (D:7)
  An ufetubus (D:4)
  2 worms
  2 dart slugs
  22 orcs
  7 endoplasms
  5 giant cockroaches
  10 goblins
  7 hobgoblins
  3 jackals (D:2)
  26 kobolds
  6 quokkas
  9 ball pythons
  13 bats
  2 frilled lizards
170 creatures vanquished.

Vanquished Creatures (others)
  73 plants
73 creatures vanquished.

Grand Total: 243 creatures vanquished

Notes
Turn   | Place    | Note
-------+----------+-------------------------------------------
     0 | D:1      | qw the Gargoyle Fighter began the quest for the Orb.
     0 | D:1      | Reached XP level 1. HP: 14/14 MP: 1/1
     0 | D:1      | 0 ||| qw: Version: 0.2-a-17-g06abaee
     0 | D:1      | 0 ||| qw: Game counter: 2137
     0 | D:1      | 0 ||| qw: Always use a shield: true
     0 | D:1      | 0 ||| qw: God list: Okawaru
     0 | D:1      | 0 ||| qw: Allow faded altars: false
     0 | D:1      | 0 ||| qw: Do Orc after D:15 true
     0 | D:1      | 0 ||| qw: Do second Lair branch before Depths: true
     0 | D:1      | 0 ||| qw: Lair rune preference: random
     0 | D:1      | 0 ||| qw: Plans: Normal, Zot:1-4, God:TSO, Crypt, Tomb,
                  | Pan, Slime:5, Hells, Abyss, Orb
     0 | D:1      | 0 ||| PLANNING D:1-11
   118 | D:1      | Reached XP level 2. HP: 14/19 MP: 2/2
   166 | D:1      | 166 ||| Stepping ~*~*~tactically~*~*~ (stealth).
   273 | D:1      | 273 ||| DROPPING +0 club.
   578 | D:1      | Reached skill level 3 in Axes
   674 | D:1      | Reached XP level 3. HP: 23/23 MP: 3/3
  1142 | D:1      | 1142 ||| UPGRADING to +6 ring of strength.
  1143 | D:1      | 1143 ||| READING 4 scrolls labelled PYUMUMA OTHOCO.
  1144 | D:1      | 1144 ||| READING scroll labelled ULAMAS ZIED.
  1159 | D:1      | 1159 ||| READING scroll labelled AWIDYE SANTEGA.
  1160 | D:1      | 1160 ||| READING scroll labelled ZEGYAR UCRAE.
  1164 | D:1      | 1164 ||| READING 3 scrolls of identify.
  1164 | D:1      | 1164 ||| IDENTIFYING pink potion
  1177 | D:2      | Found a faded altar of an unknown god.
  1243 | D:2      | Noticed Sigmund
  1244 | D:2      | 1244 ||| Stepping ~*~*~tactically~*~*~ (stealth).
  1246 | D:2      | 1246 ||| Stepping ~*~*~tactically~*~*~ (hiding).
  1261 | D:2      | HP: 5/23 [Sigmund/+2 scythe of venom (5)]
  1263 | D:2      | Killed Sigmund
  1264 | D:2      | Reached XP level 4. HP: 7/28 MP: 4/4
  1264 | D:2      | Reached XP level 5. HP: 8/32 MP: 5/5
  1304 | D:2      | 1304 ||| Stepping ~*~*~tactically~*~*~ (stealth).
  1310 | D:2      | 1310 ||| Stepping ~*~*~tactically~*~*~ (stealth).
  1311 | D:2      | 1311 ||| Stepping ~*~*~tactically~*~*~ (stealth).
  1419 | D:2      | 1419 ||| Stepping ~*~*~tactically~*~*~ (hiding).
  1421 | D:2      | 1421 ||| Stepping ~*~*~tactically~*~*~ (hiding).
  1422 | D:2      | 1422 ||| Stepping ~*~*~tactically~*~*~ (hiding).
  1423 | D:2      | 1423 ||| Stepping ~*~*~tactically~*~*~ (hiding).
  1447 | D:2      | 1447 ||| Stepping ~*~*~tactically~*~*~ (hiding).
  1459 | D:2      | Reached skill level 1 in Dodging
  1459 | D:2      | Reached XP level 6. HP: 20/37 MP: 6/6
  1460 | D:2      | 1460 ||| STAIRDANCE
  1524 | D:1      | 1524 ||| READING scroll labelled RAS MYRI GUGH.
  1525 | D:1      | 1525 ||| DROPPING potion of invisibility.
  1838 | D:2      | Reached skill level 1 in Throwing
  2200 | D:2      | 2200 ||| UPGRADING to +0 pair of boots.
  2205 | D:2      | 2205 ||| UPGRADING to ring of protection from cold.
  2206 | D:2      | 2206 ||| READING scroll labelled NIUSMIZX QOXA.
  2207 | D:2      | 2207 ||| READING scroll labelled SEEDYC RUPPETSAT.
  2208 | D:2      | 2208 ||| READING 3 scrolls of identify.
  2208 | D:2      | 2208 ||| IDENTIFYING blue potion
  2230 | D:3      | 2230 ||| STAIRDANCE
  2251 | D:3      | 2251 ||| STAIRDANCE
  2432 | D:3      | 2432 ||| Stepping ~*~*~tactically~*~*~ (stealth).
  2786 | D:3      | 2786 ||| UPGRADING to +0 kite shield.
  2796 | D:3      | 2796 ||| DROPPING +0 buckler.
  2797 | D:3      | 2797 ||| DROPPING scarf of invisibility.
  2798 | D:3      | 2798 ||| READING scroll labelled PUSKECANEA.
  2799 | D:3      | 2799 ||| READING 2 scrolls of identify.
  2799 | D:3      | 2799 ||| IDENTIFYING lumpy puce potion
  2821 | D:4      | Noticed Natasha
  2833 | D:4      | HP: 9/38 [Natasha (2)]
  2834 | D:4      | 2834 ||| READING scroll of teleportation.
  2835 | D:4      | 2835 ||| DRINKING potion of heal wounds.
  2836 | D:4      | Killed Natasha
  2837 | D:4      | Reached XP level 7. HP: 31/43 MP: 7/7
  2837 | D:4      | Noticed Duvessa
  2837 | D:4      | Noticed Dowan
  2838 | D:4      | 2838 ||| Stepping ~*~*~tactically~*~*~ (hiding).
  2855 | D:4      | Killed Duvessa
  2864 | D:4      | HP: 6/43 [gnoll/+0 spear[a gnoll bouda] (8)]
  2872 | D:4      | HP: 3/43 [Dowan/shard of ice (6)]
  2879 | D:4      | Killed Dowan
  3037 | D:4      | 3037 ||| DROPPING +1 whip of freezing.
  3039 | D:4      | Found a stormy altar of Qazlal.
  3248 | D:4      | Reached skill level 6 in Axes
  3273 | D:4      | Found George's Dragon-Slaying Spoils.
  3281 | D:4      | 3281 ||| SHOPLISTING +0 acid dragon scales (440 gold, have
                  | 220).
  3281 | D:4      | 3281 ||| SHOPLISTING +0 gold dragon scales (880 gold, have
                  | 220).
  3281 | D:4      | 3281 ||| SHOPLISTING +0 pearl dragon scales (1100 gold,
                  | have 220).
  3281 | D:4      | 3281 ||| SHOPLISTING +0 storm dragon scales (880 gold, have
                  | 220).
  3281 | D:4      | 3281 ||| SHOPLISTING +1 fire dragon scales (737 gold, have
                  | 220).
  3281 | D:4      | 3281 ||| SHOPLISTING +1 ice dragon scales (737 gold, have
                  | 220).
  3281 | D:4      | 3281 ||| SHOPLISTING +1 shadow dragon scales (957 gold,
                  | have 220).
  3281 | D:4      | 3281 ||| SHOPLISTING +1 swamp dragon scales (627 gold, have
                  | 220).
  3281 | D:4      | 3281 ||| SHOPLISTING quicksilver dragon scales (660 gold,
                  | have 220).
  3322 | D:4      | 3322 ||| Stepping ~*~*~tactically~*~*~ (stealth).
  3486 | D:4      | Found a runed translucent door.
  3487 | D:4      | Noticed Crazy Yiuf
  3747 | D:4      | Noticed Natasha
  3748 | D:4      | 3748 ||| Stepping ~*~*~tactically~*~*~ (hiding).
  3760 | D:4      | HP: 10/43 [Natasha (4)]
  3761 | D:4      | Killed Natasha
  3953 | D:4      | Noticed Natasha
  3958 | D:4      | Killed Natasha
  3983 | D:4      | 3983 ||| READING scroll labelled POSIUX FI VAMM.
  4016 | D:5      | Entered Level 5 of the Dungeon
  4078 | D:5      | Reached skill level 6 in Shields
  4310 | D:5      | 4310 ||| Stepping ~*~*~tactically~*~*~ (stealth).
  4362 | D:5      | Found Liwihoj's Neck Hole.
  4369 | D:5      | 4369 ||| BUYING +0 cloak (45 gold).
  4369 | D:5      | Bought a +0 cloak for 45 gold pieces
  4369 | D:5      | 4369 ||| SHOPLISTING amulet of regeneration (300 gold, have
                  | 193).
  4369 | D:5      | 4369 ||| SHOPLISTING amulet of the acrobat (300 gold, have
                  | 193).
  4369 | D:5      | 4369 ||| BUYING scarf of repulsion (120 gold).
  4369 | D:5      | Bought a scarf of repulsion for 120 gold pieces
  4380 | D:5      | 4380 ||| DRINKING 2 potions of curing.
  4380 | D:5      | 4380 ||| (to cure confusion)
  4387 | D:5      | Reached XP level 8. HP: 21/48 MP: 8/8
  4495 | D:5      | 4495 ||| Stepping ~*~*~tactically~*~*~ (hiding).
  4496 | D:5      | 4496 ||| Stepping ~*~*~tactically~*~*~ (hiding).
  4821 | D:5      | Found a faded altar of an unknown god.
  4821 | D:5      | Found a hazy altar of Hepliaklqana.
  4823 | D:5      | Found a faded altar of an unknown god.
  4871 | D:5      | 4871 ||| UPGRADING to +3 ring mail of willpower.
  4881 | D:5      | 4881 ||| DROPPING +0 scale mail.
  4882 | D:5      | 4882 ||| DROPPING +0 leather armour of cold resistance.
  4883 | D:5      | 4883 ||| UPGRADING to +0 cloak.
  4888 | D:5      | 4888 ||| UPGRADING to scarf of repulsion.
  4898 | D:5      | 4898 ||| UPGRADING to +0 chain mail.
  4908 | D:5      | 4908 ||| DROPPING +3 ring mail of willpower.
  4909 | D:5      | 4909 ||| READING scroll labelled HOALEDGHOUV.
  4910 | D:5      | 4910 ||| READING scroll labelled UCARALL COAPTE.
  4911 | D:5      | 4911 ||| READING 2 scrolls of identify.
  4911 | D:5      | 4911 ||| IDENTIFYING golden potion
  5049 | D:6      | Found a staircase to the Ecumenical Temple.
  5050 | D:6      | 5050 ||| PLANNING TEMPLE
  5062 | D:6      | 5062 ||| UPGRADING to +0 plate armour.
  5072 | D:6      | 5072 ||| DROPPING +0 chain mail.
  5078 | Temple   | Entered the Ecumenical Temple
  5200 | Temple   | 5200 ||| PLANNING D:1-11
  5335 | D:6      | Found an ornate altar of the Wu Jian Council.
  5354 | D:6      | Found a blossoming altar of Fedhas.
  5468 | D:6      | Found a sacrificial altar of Ru.
  5585 | D:6      | Found Kaux Tamn's Weapon Boutique.
  5590 | D:6      | 5590 ||| BUYING +0 morningstar (48 gold).
  5590 | D:6      | Bought a +0 morningstar for 48 gold pieces
  5590 | D:6      | 5590 ||| DROPPING +0 flail.
  5641 | D:6      | Found a radiant altar of Vehumet.
  5756 | D:6      | 5756 ||| DRINKING 2 silvery potions.
  5757 | D:6      | 5757 ||| READING 2 scrolls of identify.
  5757 | D:6      | 5757 ||| IDENTIFYING glowing green potion
  5758 | D:6      | 5758 ||| DROPPING potion of flight.
  5759 | D:6      | 5759 ||| DROPPING potion of degeneration.
  5774 | D:7      | Noticed Prince Ribbit
  5775 | D:7      | 5775 ||| STAIRDANCE
  5783 | D:7      | HP: 12/49 [Prince Ribbit (2)]
  5784 | D:7      | 5784 ||| READING scroll of teleportation.
  5924 | D:7      | 5924 ||| Stepping ~*~*~tactically~*~*~ (stealth).
  5926 | D:7      | 5926 ||| Stepping ~*~*~tactically~*~*~ (stealth).
  5930 | D:7      | 5930 ||| Stepping ~*~*~tactically~*~*~ (stealth).
  5950 | D:7      | 5950 ||| Stepping ~*~*~tactically~*~*~ (stealth).
  5952 | D:7      | 5952 ||| Stepping ~*~*~tactically~*~*~ (hiding).
  5954 | D:7      | 5954 ||| Stepping ~*~*~tactically~*~*~ (hiding).
  5965 | D:7      | Reached XP level 9. HP: 16/54 MP: 9/9
  5967 | D:7      | HP: 12/54 [orc warrior/+0 scimitar (5)]
  6115 | D:7      | Found an iron altar of Okawaru.
  6117 | D:7      | 6117 ||| PLANNING OKAWARU WORSHIP
  6124 | D:7      | Became a worshipper of Warmaster Okawaru
  6125 | D:7      | 6125 ||| PLANNING D:1-11
  6177 | D:7      | 6177 ||| Stepping ~*~*~tactically~*~*~ (stealth).
  6190 | D:7      | 6190 ||| Stepping ~*~*~tactically~*~*~ (hiding).
  6205 | D:7      | 6205 ||| Stepping ~*~*~tactically~*~*~ (stealth).
  6228 | D:7      | Killed Prince Ribbit
  6229 | D:7      | Reached skill level 6 in Fighting
  6278 | D:7      | 6278 ||| Stepping ~*~*~tactically~*~*~ (stealth).
  6280 | D:7      | 6280 ||| Stepping ~*~*~tactically~*~*~ (stealth).
  6286 | D:7      | 6286 ||| Stepping ~*~*~tactically~*~*~ (stealth).
  6322 | D:7      | 6322 ||| Stepping ~*~*~tactically~*~*~ (stealth).
  6370 | D:7      | 6370 ||| Stepping ~*~*~tactically~*~*~ (stealth).
  6498 | D:7      | 6498 ||| Stepping ~*~*~tactically~*~*~ (stealth).
  6504 | D:7      | 6504 ||| Stepping ~*~*~tactically~*~*~ (stealth).
  6708 | D:7      | 6708 ||| Stepping ~*~*~tactically~*~*~ (hiding).
  6709 | D:7      | 6709 ||| Stepping ~*~*~tactically~*~*~ (hiding).
  6882 | D:7      | Found a snail-covered altar of Cheibriados.
  7260 | D:7      | Found an opulent altar of Gozag.
  7265 | D:7      | 7265 ||| READING 2 scrolls of identify.
  7265 | D:7      | 7265 ||| IDENTIFYING orange potion
  7266 | D:7      | 7266 ||| DROPPING scroll of summoning.
  7345 | D:8      | Noticed Psyche
  7346 | D:8      | 7346 ||| Stepping ~*~*~tactically~*~*~ (hiding).
  7353 | Abyss:2  | Cast into level 2 of the Abyss (Psyche)
  7392 | Abyss:2  | Noticed an orb spider
  7393 | Abyss:2  | 7393 ||| Stepping ~*~*~tactically~*~*~ (stealth).
  7401 | Abyss:2  | Noticed a manticore
  7402 | Abyss:2  | 7402 ||| Stepping ~*~*~tactically~*~*~ (stealth).
  7403 | Abyss:2  | 7403 ||| Stepping ~*~*~tactically~*~*~ (stealth).
  7407 | Abyss:2  | 7407 ||| Stepping ~*~*~tactically~*~*~ (stealth).
  7409 | Abyss:2  | 7409 ||| Stepping ~*~*~tactically~*~*~ (stealth).
  7410 | Abyss:2  | 7410 ||| Stepping ~*~*~tactically~*~*~ (stealth).
  7411 | Abyss:2  | 7411 ||| Stepping ~*~*~tactically~*~*~ (stealth).
  7418 | Abyss:2  | HP: 5/55 [manticore (shapeshifter) (13)]
  7419 | Abyss:2  | Slain by a manticore (shapeshifter)

Levels and vault maps discovered:
D:1:      dpeg_arrival_brainrot, layout_basic, reono_crystal_passage,
          nicolae_eternal_life, grunt_decor_resistance
D:2:      layout_basic, ebering_ecumenical_altar_abandoned, uniq_sigmund
D:3:      layout_rooms
D:4:      layout_loops_cross, grunt_qazlal_clouds, nicolae_zen_rock_garden,
          nicolae_shop_dragon_depot, uniq_crazy_yiuf_cottage, uniq_duvessa,
          uniq_natasha
D:5:      layout_basic, nicolae_hepliaklqana_ecumenical_no_more,
          corexii_item_surrounded_by_moat, nicolae_shop_sticking_my_neck_out
D:6:      layout_rooms, hangedman_ru_absence, vehumet_statue,
          mainiacjoe_overflow_small_starburst, kennysheep_mini,
          minmay_temple_entry_junction, serial_shops, nicolae_shop_hallway_plus
D:7:      kennysheep_kobold_camp, layout_basic, okawaru_trees_1,
          general_overflow_altar, marbit_many_paths, uniq_prince_ribbit1
D:8:      layout_basic, makhleb_blood_cavern_becter, uniq_psyche, uniq_joseph
Temple:   jpeg_temple_clearing
Abyss:2:  base:
D:4

Skill      XL: |  1  2  3  4  5  6  7  8  9 |
---------------+----------------------------+-----
Axes           | 2 3 5 6 7 8 |  8.0
Dodging        | 1 |  1.2
Throwing       | 1 |  1.0
Fighting       | 4 5 6 |  6.1
Shields        | 4 6 7 8 |  8.2
Armour         | 4 |  4.1

Action                   |  1- 3 |  4- 6 |  7- 9 || total
-------------------------+-------+-------+-------++-------
Melee: War axe           |   112 |   145 |   322 ||   579
Throw: Javelin           |       |    12 |     4 ||    16
  Use: Scroll            |     5 |     7 |     7 ||    19
       Potion            |       |     1 |     2 ||     3
Armor: Scale mail        |    70 |    94 |    72 ||   236
       Plate armour      |       |       |    70 ||    70
       Chain mail        |       |       |    10 ||    10
Dodge: Dodged            |    65 |    78 |   103 ||   246
       Repelled          |       |       |     4 ||     4
Block: Buckler           |    26 |    28 |       ||    54
       Kite shield       |       |    14 |   168 ||   182

Table legend:
 A = Non-vault XP
 B = Vault XP
 C = Vault XP percentage of total XP
 D = Non-vault monster count
 E = Vault monster count
 F = Vault count percentage of total count
                 A         B        C        D         E       F
            +---------+---------+-------+---------+---------+-------
      Total |    2439 |     932 |  27.6 |     141 |      29 |  17.1
            +---------+---------+-------+---------+---------+-------
        D:1 |      38 |       5 |  11.6 |      22 |       1 |   4.3
        D:2 |     200 |     214 |  51.7 |      35 |       1 |   2.8
        D:3 |      65 |       0 |   0.0 |      20 |       0 |   0.0
        D:4 |     330 |     251 |  43.2 |      23 |       3 |  11.5
        D:5 |     363 |       0 |   0.0 |      15 |       0 |   0.0
        D:6 |     776 |      32 |   4.0 |      12 |       1 |   7.7
        D:7 |     667 |     430 |  39.2 |      14 |      23 |  62.2
            +---------+---------+-------+---------+---------+-------
